 Dungeon Crawl Stone Soup version 0.32-a0-519-g08f29ac1c3 (webtiles) character file.

Game seed: 2163028490816853456

2446 Dirtsage the Cleaver (level 9, -1/64 HPs)
             Began as a Coglin Gladiator on Feb 27, 2024.
             Killed from afar by Maggie (12 damage)
             ... with a bolt of fire
             ... on level 7 of the Dungeon.
             The game lasted 00:09:02 (5349 turns).

Dirtsage the Cleaver (Coglin Gladiator)             Turns: 5349, Time: 00:09:03

Health: -1/64      AC: 12    Str: 19    XL:     9   Next: 49%
Magic:  9/9        EV:  9    Int:  8    God:
Gold:   355        SH:  0    Dex: 15    Spells: 8/8 levels left

rFire   . . .        a - +0 war axe {Svenja}
rCold   . . .        u - +0 war axe {Cortez}
rNeg    . . .        d - +1 chain mail {Will+}
rPois   .            c - +0 helmet
rElec   .            w - +0 cloak
rCorr   .            (no gloves)
SInv    .            (no boots)
Will    +....        (no amulet) Stlth
                     (ring unavailable)
HPRegen 0.30/turn    (ring unavailable)
MPRegen 0.11/turn

%: no passive effects
@: revved
A: off-hand wielding, slow wielding, warmup strikes, no rings
a: no special abilities


You were on level 7 of the Dungeon.
You visited 1 branch of the dungeon, and saw 7 of its levels.

You collected 355 gold pieces.

Inventory:

Hand Weapons
 a - a +0 war axe (weapon) {Svenja}
 u - a +0 war axe (offhand) {Cortez}
Missiles
 e - a javelin
 o - a curare-tipped dart
 y - 6 throwing nets (quivered)
Armour
 c - a +0 helmet (worn)
 d - a +1 chain mail of willpower (worn)
 w - a +0 cloak (worn)
Wands
 i - a wand of charming (4)
 j - a wand of iceblast (6)
Scrolls
 b - a scroll of fog {unknown}
 f - 2 scrolls of noise
 k - 2 scrolls of teleportation {unknown}
 m - a scroll of brand weapon {unknown}
 p - a scroll of enchant weapon {unknown}
 r - a scroll of immolation {unknown}
 s - a scroll of silence {unknown}
 t - a scroll of poison
 x - a scroll of torment {unknown}
 B - 3 scrolls of blinking
Potions
 g - 4 potions of curing {unknown}
 h - 3 potions of might {unknown}
 l - a potion of heal wounds
 n - 3 potions of haste {unknown}
 q - a potion of berserk rage {unknown}
 v - a potion of attraction {unknown}
 z - a potion of ambrosia {unknown}
 A - 2 potions of enlightenment


   Skills:
 + Level 3.5 Fighting
 + Level 14.6 Axes
 - Level 1.7 Throwing
 + Level 2.5 Armour
 - Level 2.6 Dodging
 + Level 3.6 Evocations


You had 8 spell levels left.
You didn't know any spells.
Your spell library contained the following spells:

 Spells                   Type           Power      Damage    Failure   Level
 Ensorcelled Hibernation  Hex/Ice        0%         N/A       99%         2
 Fugue of the Fallen      Necr           0%         N/A       100%        3
 Anguish                  Hex/Necr       0%         N/A       100%        4


Dungeon Overview and Level Annotations

Branches:
Dungeon (7/15)
 Temple: D:4-7

Altars:
Nemelex Xobeh

Shops:
D:3 (   D:5 [

Annotations:
D:7 Maggie


Innate Abilities, Weirdness & Mutations

You can wield a second weapon in your off-hand.
It takes a long time for you to wield or remove held weapons.
Your first few attacks do less damage.
Your grasper-arms cannot wear rings.


Message History

You take 4 damage, and have 42/64 hp.
You hit Maggie but do no damage.
Maggie is heavily wounded.
You barely miss Maggie with your +0 war axe.
You barely miss Maggie with your +0 war axe.
Maggie is heavily wounded.
You closely miss Maggie with your +0 war axe.
Maggie gestures at you while chanting. The bolt of fire hits you!
You take 15 damage, and have 27/64 hp.
MASSIVE DAMAGE!!
You hit Maggie with your +0 war axe.
Maggie is heavily wounded.
You barely miss Maggie with your +0 war axe.
Maggie hits you with a +5 scimitar of protection!!
* * * LOW HITPOINT WARNING * * *
You take 17 damage, and have 10/64 hp.
MASSIVE DAMAGE!!
You barely miss Maggie with your +0 war axe.
Maggie is heavily wounded.
You hit Maggie with your +0 war axe.
Maggie gestures wildly while chanting.
Maggie attempts to bespell you! You resist with almost no effort.
You hit Maggie but do no damage.
Maggie is severely wounded.
You hit Maggie with your +0 war axe. You hit Maggie but do no damage.
Maggie is severely wounded.
You barely miss Maggie with your +0 war axe.
Maggie gestures wildly while chanting.
Maggie attempts to bespell you! You resist with almost no effort.
You hit Maggie but do no damage.
Maggie is severely wounded.
You closely miss Maggie with your +0 war axe.
Maggie mumbles some strange words.
Maggie attempts to bespell you! You resist with almost no effort.
You hit Maggie with your +0 war axe.
Maggie is severely wounded.
You closely miss Maggie with your +0 war axe.
Maggie gestures at you while chanting. The bolt of fire hits you!
You die...

## ## .< .#
.###.#
..#.# #@#.#
#.#####@#.#
#.......#.#
#######...#
#.### #.#
#.# #.# #.#
#.#


You could see Maggie.

Vanquished Creatures
  Grinder (D:3)
  Eustachio (D:5)
  A water moccasin (D:6)
  An ice beast (D:6)
  A sky beast (D:5)
  2 ogres
  4 phantoms
  A kobold brigand (D:6)
  Blork the orc (D:6)
  A bullfrog (D:6)
  2 jellies
  5 hounds
  2 bombardier beetles (D:5)
  2 gnoll boudas
  2 orc priests
  Jessica (D:2)
  2 iguanas (D:6)
  2 orc wizards
  Terence (D:3)
  8 gnolls
  4 adders
  A shadow imp (D:7)
  3 dart slugs (D:1)
  2 ribbon worms (D:3)
  17 orcs
  4 endoplasms
  3 giant cockroaches
  7 goblins
  7 hobgoblins
  2 quokkas
  2 ball pythons (D:2)
  5 bats
  2 frilled lizards
  10 kobolds
  5 rats
115 creatures vanquished.

Notes
Turn   | Place    | Note
-------+----------+-------------------------------------------
     0 | D:1      | Dirtsage the Coglin Gladiator began the quest for the Orb.
     0 | D:1      | Reached XP level 1. HP: 16/16 MP: 1/1
   118 | D:1      | Reached XP level 2. HP: 18/22 MP: 2/2
   439 | D:1      | Found a faded altar of an unknown god.
   512 | D:1      | Reached skill level 4 in Axes
   616 | D:1      | Reached XP level 3. HP: 27/27 MP: 3/3
   758 | D:2      | Found a sparkling altar of Nemelex Xobeh.
   846 | D:2      | Noticed Jessica
   850 | D:2      | Killed Jessica
   914 | D:2      | Reached XP level 4. HP: 26/33 MP: 4/4
  1432 | D:2      | Reached skill level 5 in Axes
  1482 | D:3      | Found Ybir Pao's Weapon Emporium.
  1676 | D:3      | Reached XP level 5. HP: 38/38 MP: 5/5
  1773 | D:3      | Noticed Terence
  1782 | D:3      | Killed Terence
  1951 | D:3      | Reached skill level 6 in Axes
  2146 | D:3      | Noticed Grinder
  2158 | D:3      | Paralysed by Grinder for 4 turns
  2165 | D:3      | Killed Grinder
  2166 | D:3      | Reached skill level 7 in Axes
  2166 | D:3      | Reached XP level 6. HP: 38/44 MP: 6/6
  2969 | D:4      | Reached skill level 14 in Axes
  2969 | D:4      | Reached XP level 7. HP: 50/50 MP: 7/7
  3036 | D:4      | Identified the +0 robe of Dithmenos's Pride {Int+6}
  3472 | D:5      | Entered Level 5 of the Dungeon
  3566 | D:5      | Reached XP level 8. HP: 53/56 MP: 8/8
  3569 | D:5      | Reached skill level 1 in Evocations
  3600 | D:5      | Found Tahaenwa's Armour Shoppe.
  3794 | D:5      | Reached skill level 1 in Armour
  3889 | D:5      | Noticed Eustachio
  3908 | D:5      | Killed Eustachio
  4149 | D:6      | Noticed Blork the orc
  4172 | D:6      | Killed Blork the orc
  4190 | D:6      | Reached XP level 9. HP: 42/62 MP: 9/9
  5335 | D:7      | Noticed Maggie
  5349 | D:7      | Killed from afar by Maggie

Illustrated notes

Levels and vault maps discovered:
D:1:      dpeg_arrival_ternary, layout_loops_ring,
          shapermc_ecumenical_altar_acropolis, minmay_misc_feat_pillars
D:2:      layout_basic, basic_altar, minmay_misc_feat_alley, uniq_jessica
D:3:      layout_basic, serial_shops, shop, uniq_terence, uniq_grinder
D:4:      layout_basic
D:5:      layout_cave_pools, serial_shops, nicolae_shop_crystal,
          kennysheep_generic_room_15, uniq_eustachio
D:6:      layout_basic, serial_rivers, chequers_serial_rivers_small_3,
          chequers_serial_rivers_marsh, chequers_serial_rivers_small_a,
          chequers_serial_rivers_small_b, chequers_serial_rivers_micro_d,
          uniq_blork_the_orc
D:7:      layout_basic, minmay_temple_entry_nine_rooms, uniq_pikel, uniq_maggie,
          uniq_joseph

Skill      XL: |  1  2  3  4  5  6  7  8  9 |
---------------+----------------------------+-----
Axes           | 4 5 7 14 | 14.6
Evocations     | 2 3 |  3.6
Armour         | 1 2 |  2.5
Fighting       | 3 |  3.5
Throwing       | |  1.7
Dodging        | |  2.6

Action                     |  1- 3 |  4- 6 |  7- 9 || total
---------------------------+-------+-------+-------++-------
  Melee: War axe           |    61 |   151 |   285 ||   497
  Throw: Throwing net      |       |     3 |       ||     3
  Evoke: Wand              |       |       |     3 ||     3
    Use: Potion            |       |     4 |       ||     4
         Scroll            |       |     5 |       ||     5
   Stab: Held in net/web   |       |     1 |       ||     1
 Armour: Leather armour    |    24 |       |       ||    24
         Ring mail         |    12 |    44 |       ||    56
         Chain mail        |       |    14 |   100 ||   114
         Skin              |       |     9 |       ||     9
  Dodge: Dodged            |    37 |    53 |    43 ||   133
         Repelled          |     1 |     1 |       ||     2

Table legend: (Time is in decaauts)
 A = Elapsed time spent in this place.
 B = Non-inter-level travel time spent in this place.
 C = Inter-level travel time spent in this place.
 D = Time resting spent in this place.
 E = Time spent auto-exploring this place.
 F = Levels seen in this place.
 G = Mean time per level.
                   A        B        C        D        E       F      G
               +--------+--------+--------+--------+--------+-----+--------+
         Total |   5366 |   5214 |    152 |    407 |   4055 |   7 |  766.6 |
       Dungeon |   5366 |   5214 |    152 |    407 |   4055 |   7 |  766.6 |
               +--------+--------+--------+--------+--------+-----+--------+

Top non-repeatable levels by time:
     D:4: 1163 daAuts
     D:5: 909 daAuts
     D:3: 856 daAuts
     D:2: 765 daAuts
     D:1: 726 daAuts
     D:6: 719 daAuts
     D:7: 226 daAuts
